 Dungeon Crawl Stone Soup version 0.31-a0-1576-ga3383bade6 (webtiles) character file.

Game seed: 15844057521675244456

21 grandjackal the Ducker (level 2, -1/23 HPs)
             Began as a Demonspawn Gladiator on Jan 4, 2024.
             Slain by a goblin
             ... wielding a +0 dagger
             ... led by Robin
              (5 damage)
             ... on level 2 of the Dungeon.
             The game lasted 00:01:04 (1122 turns).

grandjackal the Ducker (Demonspawn Gladiator)       Turns: 1122, Time: 00:01:05

Health: -1/23      AC:  6    Str: 14    XL:     2   Next: 65%
Magic:  2/2        EV: 11    Int:  8    God:
Gold:   20         SH:  0    Dex: 14    Spells: 1/1 levels left

rFire   . . .        a - +0 war axe
rCold   . . .        (no shield)
rNeg    . . .        h - +0 ring mail
rPois   .            c - +0 helmet
rElec   .            (no cloak)
rCorr   .            (no gloves)
SInv    .            (no boots)
Will    .....        (no amulet)
Stlth   +            (no ring)
HPRegen 0.23/turn    (no ring)
MPRegen 0.08/turn

%: no passive effects
@: no status effects
A: claws 1
a: no special abilities


You were on level 2 of the Dungeon.
You visited 1 branch of the dungeon, and saw 2 of its levels.

You collected 59 gold pieces.
You spent 39 gold pieces at shops.

Inventory:

Hand Weapons
 a - a +0 war axe (weapon)
Missiles
 d - 3 throwing nets (quivered)
 e - 7 javelins
 l - 4 curare-tipped darts
Armour
 c - a +0 helmet (worn)
 h - a +0 ring mail (worn)
Jewellery
 f - a +5 ring of evasion
Scrolls
 g - 2 scrolls of identify {unknown}
 j - 2 scrolls of fog {unknown}
 k - a scroll of fear {unknown}
Potions
 b - 2 potions of curing
 i - a potion of heal wounds {unknown}


   Skills:
 + Level 2.4 Fighting
 - Level 2.8 Axes
 - Level 2.0 Throwing
 + Level 3.0 Dodging
 + Level 0.4 Unarmed Combat


You had one spell level left.
You didn't know any spells.
Your spell library was empty.

Dungeon Overview and Level Annotations

Branches:
Dungeon (2/15)

Altars:

Shops:
D:1 *

Annotations:
D:2 Robin


Innate Abilities, Weirdness & Mutations

You have sharp fingernails.


Message History

You closely miss the goblin. Your claw misses the goblin.
The goblin is severely wounded.
The goblin no longer looks unusually strong. x2
Robin roars a battlecry!
The goblins go into a battle-frenzy!
The goblin hits you with a +0 dagger.
You barely miss the goblin.
The goblin is severely wounded.
The goblin no longer looks unusually strong.
Robin throws the goblin at you! The goblin hits you with a +0 dagger.
* * * LOW HITPOINT WARNING * * *
Robin roars a battlecry!
The goblin goes into a battle-frenzy!
The goblin misses you. The goblin closely misses you.
You barely miss the goblin. You slash the goblin!
You kill the goblin!
The goblin no longer looks unusually strong. x2
The goblin hits you with a +0 club.
* * * LOW HITPOINT WARNING * * *
Unknown command.
You feel better.
Robin roars a battlecry!
The goblins go into a battle-frenzy!
The goblin hits you with a +0 club.
* * * LOW HITPOINT WARNING * * *
The goblin misses you.
You slash the goblin!
You kill the goblin!
You miss the goblin.
The hobgoblin no longer looks unusually strong.
The goblin hits you with a +0 dagger.
* * * LOW HITPOINT WARNING * * *
Robin roars a battlecry!
The hobgoblin goes into a battle-frenzy!
You hit the goblin but do no damage.
The goblin no longer looks unusually strong.
Robin throws the goblin at you!
* * * LOW HITPOINT WARNING * * *
The goblin hits you with a +0 dagger.
You die...

#.........# #.#
#.#####.######.#
#.#..)..#......#
#.#.#####.######
#.#.#####.##
#.#.##.....#
#.#.##.....#
#g#........#
#@###.###'## #g#
#.###.# #g#
#.....# #g#
#######


#gg ..g ... .... You could see Robin, 2 hobgoblins and 4 goblins.

Vanquished Creatures
  A dart slug (D:1)
  A giant cockroach (D:1)
  A ball python (D:1)
  2 bats
  A frilled lizard (D:1)
  7 goblins
  3 kobolds (D:1)
  3 rats (D:1)
19 creatures vanquished.

Notes
Turn   | Place    | Note
-------+----------+-------------------------------------------
     0 | D:1      | grandjackal the Demonspawn Gladiator began the quest for
                  | the Orb.
     0 | D:1      | Reached XP level 1. HP: 16/16 MP: 1/1
   230 | D:1      | Gained mutation: You have sharp fingernails. [demonic
                  | ancestry]
   230 | D:1      | Reached XP level 2. HP: 21/22 MP: 2/2
   412 | D:1      | Found Nelotyf's General Store.
   422 | D:1      | Bought a potion of curing for 39 gold pieces
  1105 | D:2      | Noticed Robin
  1117 | D:2      | Reached skill level 3 in Dodging
  1122 | D:2      | Slain by a goblin

Illustrated notes

Levels and vault maps discovered:
D:1:      sevenhm_arrival_forest_fort_large_2, layout_basic, serial_shops,
          nicolae_shop_tiny_waterfront
D:2:      layout_basic, uniq_robin

Skill      XL: |  1  2 |
---------------+-------+-----
Throwing       | 2 |  2.0
Dodging        | 3 |  3.0
Fighting       | |  2.4
Axes           | |  2.8
Unarmed Combat | |  0.4

Action                     || total
---------------------------++-------
  Melee: War axe           ||    43
    Use: Potion            ||     1
 Armour: Leather armour    ||    10
         Ring mail         ||    23
  Dodge: Dodged            ||    25

Table legend: (Time is in decaauts)
 A = Elapsed time spent in this place.
 B = Non-inter-level travel time spent in this place.
 C = Inter-level travel time spent in this place.
 D = Time resting spent in this place.
 E = Time spent auto-exploring this place.
 F = Levels seen in this place.
 G = Mean time per level.
                   A        B        C        D        E       F      G
               +--------+--------+--------+--------+--------+-----+--------+
         Total |   1136 |   1048 |     88 |      0 |    902 |   2 |  568.0 |
       Dungeon |   1136 |   1048 |     88 |      0 |    902 |   2 |  568.0 |
               +--------+--------+--------+--------+--------+-----+--------+

Top non-repeatable levels by time:
     D:1: 914 daAuts
     D:2: 222 daAuts
